Map: [ESL] Gresvan

Players

MaxPax - Winner!

  • Race: Protoss Protoss
  • Spawn Location: 11:00

Spirit

  • Race: Terran Terran
  • Spawn Location: 5:00

Event: ESL SC2 Masters 2023 Summer (Regionals)

VOD

Have the link to the VOD?

Description

Time

  • Played on: May 21, 2023, 2:11 p.m.
  • Length: 9:12

All games in this series

Show
View Real Time Build Order
Export as new Build Order

MaxPax Protoss - Winner!

Build Orders: 1 Gate Expand 

Get SALT Encoding   

  12  0:00  Probe  
  13  0:12  Probe  
  14  0:16  Pylon  
  14  0:24  Probe (Chrono Boost)  
  15  0:36  Probe (Chrono Boost), Gateway  
  16  0:43  Probe (Chrono Boost)  
  16  0:45  Assimilator  
  17  0:50  Probe  
  18  1:03  Probe  
  19  1:15  Probe  
  20  1:23  Cybernetics Core  
  20  1:24  Zealot  
  22  1:40  Nexus  
  22  1:42  Pylon  
  22  1:46  Probe  
  23  1:50  Assimilator  
  23  1:59  Stalker (Chrono Boost)  
  23  2:00  Probe  
  24  2:06  Warp Gate (Chrono Boost)  
  26  2:12  Probe  
  27  2:20  Pylon  
  27  2:22  Adept (Chrono Boost)  
  27  2:24  Probe  
  30  2:36  Probe  
  31  2:42  Gateway  
  31  2:48  Adept (Chrono Boost)  
  31  2:52  Gateway  
  31  2:57  Probe  
  32  3:00  Probe  
  33  3:09  Probe  
  33  3:12  Probe  
  35  3:15  Robotics Facility  
  35  3:21  Probe  
  35  3:24  Probe  
  37  3:33  Probe  
  38  3:36  Probe  
  39  3:45  Probe  
  39  3:47  Adept x3  
  46  3:49  Probe, Pylon  
  47  3:58  Probe  
  47  3:59  Warp Prism (Chrono Boost)  
  47  4:01  Probe  
  51  4:11  Stalker, Sentry  
  51  4:13  Stalker  
  51  4:15  Probe  
  58  4:17  Probe  
  59  4:27  Probe  
  59  4:29  Probe  
  59  4:31  Twilight Council, Observer  
  62  4:33  Pylon  
  62  4:35  Assimilator  
  62  4:45  Assimilator  
  62  4:48  Pylon  
  62  4:51  Probe x2  
  64  4:53  Stalker x2  
  64  4:55  Pylon  
  68  5:03  Probe x2  
  68  5:04  Blink (Chrono Boost)  
  70  5:15  Probe  
  70  5:16  Pylon  
  70  5:18  Observer  
  71  5:21  Robotics Bay  
  71  5:24  Nexus  
  71  5:32  Observer  
  71  5:33  Stalker x2  
  75  5:40  Probe  
  75  5:41  Probe  
  77  5:43  Observer  
  77  5:51  Stalker  
  77  5:53  Probe x2  
  81  5:59  Observer  
  81  6:05  Probe x2, Stalker x2  
  81  6:07  Colossus (Chrono Boost)  
  93  6:15  Pylon  
  93  6:17  Probe  
  94  6:33  Probe  
  94  6:35  Stalker  
  94  6:36  Stalker x2  
  94  6:38  Probe  
  102  6:46  Colossus (Chrono Boost)  
  102  6:49  Observer  
  100  7:02  Probe x2  
  100  7:03  Probe  
  100  7:04  Extended Thermal Lance  
  100  7:07  Gateway  
  103  7:09  Charge (Chrono Boost), Gateway  
  103  7:13  Gateway x2  
  103  7:14  Probe x2, Gateway  
  105  7:16  Pylon  
  105  7:17  Shield Battery  
  106  7:22  Probe  
  106  7:26  Probe, Pylon  
  106  7:27  Shield Battery  
  106  7:30  Pylon, Forge  
  106  7:33  Colossus (Chrono Boost)  
  112  7:37  Pylon  
  112  7:39  Probe  
  112  7:41  Pylon  
  112  7:43  Zealot x2, Sentry  
  119  7:47  Probe  
  120  7:57  Pylon  
  120  8:01  Nexus  
  120  8:03  Zealot x2  
  120  8:04  Pylon, Zealot  
  126  8:07  Pylon  
  126  8:13  Zealot x4  
  132  8:25  Zealot x4  
  140  8:29  Pylon  
  136  8:38  Zealot x4  
  136  8:56  Zealot x2  
  136  8:57  Zealot x2  
  136  9:01  Zealot  
  144  9:10  Pylon  
Show
View Real Time Build Order
Export as new Build Order

Spirit Terran 

Build Orders:  

Get SALT Encoding   

  12  0:00  SCV  
  13  0:12  SCV  
  14  0:16  Supply Depot  
  14  0:24  SCV  
  15  0:38  SCV  
  15  0:39  Barracks  
  16  0:50  SCV  
  16  0:51  Refinery  
  17  1:02  SCV  
  18  1:08  Engineering Bay  
  18  1:14  SCV  
  19  1:25  Marine  
  19  1:27  Orbital Command  
  20  1:44  Barracks Reactor  
  20  1:54  SCV  
  20  1:57  Command Center  
  21  2:03  Supply Depot  
  21  2:06  SCV  
  22  2:12  Factory  
  22  2:18  SCV  
  23  2:25  Marine x2, Bunker  
  25  2:30  SCV  
  26  2:43  SCV, Marine  
  28  2:49  Marine  
  29  2:55  SCV, Factory Tech Lab  
  29  3:00  Marine  
  30  3:07  SCV  
  31  3:15  Marine, Cyclone  
  31  3:17  Orbital Command  
  35  3:26  Barracks, SCV  
  36  3:33  Marine, Refinery  
  37  3:38  SCV  
  38  3:42  Barracks  
  38  3:46  Marine  
  40  3:50  SCV  
  40  3:52  Marine  
  40  3:53  Supply Depot  
  41  4:01  Siege Tank  
  44  4:03  SCV  
  44  4:04  Marine  
  46  4:10  Supply Depot  
  46  4:14  Marine, SCV  
  46  4:15  Barracks Tech Lab  
  46  4:16  SCV  
  49  4:19  Supply Depot  
  49  4:21  Marine  
  50  4:26  SCV  
  50  4:28  SCV  
  52  4:32  Marine  
  52  4:35  Stimpack  
  53  4:38  SCV  
  53  4:39  Marine  
  53  4:40  SCV  
  56  4:45  Refinery  
  56  4:49  Engineering Bay  
  56  4:51  SCV, Barracks Tech Lab  
  58  4:52  SCV  
  58  4:56  Marine  
  58  4:57  Marine  
  60  5:03  SCV  
  60  5:05  SCV  
  57  5:13  Combat Shield  
  57  5:15  SCV  
  57  5:17  SCV  
  57  5:19  Marine, Missile Turret  
  57  5:20  Refinery  
  60  5:22  Marine x2  
  60  5:25  Marine  
  60  5:27  SCV  
  64  5:29  SCV  
  64  5:30  Starport  
  65  5:39  SCV  
  65  5:41  Marauder, SCV  
  65  5:51  SCV  
  65  5:52  Terran Infantry Weapons Level 1  
  65  5:53  SCV  
  65  5:56  Supply Depot x2  
  67  5:59  Siege Tank  
  67  6:03  SCV  
  70  6:08  Barracks, Starport Reactor  
  70  6:14  Barracks  
  70  6:16  Supply Depot  
  70  6:17  SCV x2  
  72  6:19  Marine  
  72  6:20  Marauder, Concussive Shells  
  75  6:28  Supply Depot  
  75  6:29  SCV x2  
  75  6:33  Marine, Marauder  
  75  6:39  Siege Tank  
  81  6:41  Marauder  
  81  6:42  SCV  
  81  6:43  SCV  
  85  6:47  Medivac  
  85  6:51  Medivac  
  85  6:52  Marine  
  85  6:53  Marine  
  85  6:54  Marauder  
  80  7:02  Marine  
  80  7:03  Barracks Reactor, Barracks Tech Lab  
  79  7:10  Marine  
  79  7:11  Marine  
  79  7:12  Supply Depot  
  79  7:13  Supply Depot  
  79  7:14  Siege Tank  
  84  7:16  Marauder  
  84  7:17  Medivac  
  84  7:20  Marine  
  89  7:24  Marauder  
  89  7:28  Marine  
  89  7:29  Marine  
  93  7:32  Medivac  
  95  7:37  Marine x2, Supply Depot  
  95  7:39  Marine x2  
  95  7:40  Supply Depot  
  97  7:45  Marauder, Marine  
  97  7:49  Medivac  
  97  7:50  Marine  
  103  7:55  Marauder  
  103  7:56  Marauder  
  103  7:57  Siege Tank  
  110  8:03  Marine  
  111  8:07  Marauder, Marine  
  111  8:08  Marine x2  
  115  8:16  Marauder  
  115  8:17  Marauder  
  119  8:21  Marine  
  119  8:25  Marine  
  119  8:26  Marine x2  
  123  8:28  Marine  
  124  8:37  Marine, Medivac  
  124  8:39  Marauder, Marine  
  126  8:43  Marine  
  126  8:44  Marine x2  
  126  8:45  Marine  
Tags
 
Add a new tag
Caveats
  • Supply blocks, unpowered buildings, or Contaminate may cause inaccurate times.
  • Supply counts are checked every 10 seconds.